cohdb
Replays
Latest Replays
All Replays
Popular Replays
Top Player Replays
Match Explorer
How It Works
Community
CoH3 Stats
Reddit
Sign in to upload your games and track your stats! →
Sign in with Steam
Match 46176115
Unlisted
Match 46176115
Overview
Messages
Build Orders
End
Engineer Squad
Construct Weapon Support Center
M1919 Machine Gun Team
Bazooka Squad
M1919 Machine Gun Team
Mechanized Support Center
Mortar Pit
M1919 Machine Gun Team
M3 Armored Personnel Carrier
Selects Armored Battlegroup
Selects Veteran Crews
Selects Strength in Steel
Engineer Squad
Mortar Pit
Construct Tank Depot
.30 cal Machine Gun
Mortar Pit
Selects M8 Scott SPG
Selects UNKNOWN (2160077)
M1919 Machine Gun Team
M4A3E8 Sherman Easy Eight
Mortar Pit
M1919 Machine Gun Team
M4A3E8 Sherman Easy Eight
Selects M31 Recovery Vehicle
M31 Recovery Vehicle
Designate Forward Repair Station
M31 Recovery Vehicle
Bazooka Squad
Selects War Machine
Bazooka Squad
M1919 Machine Gun Team
M4A3E8 Sherman Easy Eight
Bazooka Squad
Bazooka Squad
Bazooka Squad
MDD-jiang
我的臭脚随莱闻
janemba914
很好很好很好啊
CUI
Makros
[PD] [9C] [FT] Claudius Tacitus
Nico-Nico-Nii~~
0
0
Comments
sign in to comment!
No comments posted yet!